 Dungeon Crawl Stone Soup version 0.23-a0-519-ga799fc4 (webtiles) character file.

17 tidbits the Caller (level 2, 0/20 HPs)
             Began as a Gnoll Summoner on Dec 6, 2018.
             Slain by a hippogriff (7 damage)
             ... on level 5 of the Dungeon.
             The game lasted 00:04:45 (510 turns).

tidbits the Caller (Gnoll Summoner)                  Turns: 510, Time: 00:04:46

Health: 0/20       AC:  2    Str: 15    XL:     2   Next: 62%
Magic:  5/7        EV: 14    Int: 17    God:
Gold:   142        SH:  0    Dex: 15    Spells: 7/10 levels left

rFire    . . .     SeeInvis .   a - +0 dagger
rCold    . . .     Gourm    .   (no shield)
rNeg     . . .     Faith    .   g - +0 robe
rPois    .         Spirit   .   (no helmet)
rElec    .         Reflect  .   (no cloak)
rCorr    .         Harm     .   (no gloves)
MR       .....                  (no boots)
Stlth    +++.......             (no amulet)
HPRegen  0.06/turn              (no ring)
MPRegen  0.10/turn              (no ring)

@: mighty
A: distributed training, fangs 1, strong nose
a: no special abilities


You were on level 5 of the Dungeon.
You were not hungry.

You visited 1 branch of the dungeon, and saw 5 of its levels.

You collected 142 gold pieces.

Inventory:

Hand Weapons
 a - a +0 dagger (weapon)
 f - a +0 hand axe
 j - a +0 whip
 l - a +0 hunting sling
Missiles
 b - 36 bolts
 k - 11 sling bullets
 n - 15 stones (quivered)
 p - 13 arrows
Armour
 g - a +0 robe (worn)
Scrolls
 d - a scroll of identify
 e - 2 scrolls of random uselessness {unknown}
 h - a scroll of enchant armour {unknown}
 m - a scroll of teleportation {unknown}
 o - a scroll of amnesia {unknown}
Potions
 i - a potion of magic
Comestibles
 c - 2 rations


   Skills:
 + Level 0.4 Fighting
 + Level 0.4 Short Blades
 + Level 0.4 Long Blades
 + Level 0.4 Axes
 + Level 0.4 Maces & Flails
 + Level 0.4 Polearms
 + Level 0.4 Staves
 + Level 0.4 Slings
 + Level 0.4 Bows
 + Level 0.4 Crossbows
 + Level 0.4 Throwing
 + Level 0.4 Armour
 + Level 4.5 Dodging
 + Level 4.1 Stealth
 + Level 0.4 Shields
 + Level 0.4 Unarmed Combat
 + Level 4.9 Spellcasting
 + Level 0.2 Conjurations
 + Level 0.2 Hexes
 + Level 0.2 Charms
 + Level 7.0 Summonings
 + Level 0.2 Necromancy
 + Level 0.2 Translocations
 + Level 0.2 Transmutations
 + Level 0.2 Fire Magic
 + Level 0.2 Ice Magic
 + Level 0.2 Air Magic
 + Level 0.2 Earth Magic
 + Level 0.2 Poison Magic
 + Level 0.5 Invocations
 + Level 0.4 Evocations


You had 7 spell levels left.
You knew the following spells:

 Your Spells              Type           Power        Failure   Level  Hunger
a - Summon Small Mammal   Summ           ####         1%          1    None
i - Call Imp              Summ           ####....     1%          2    #......

Your spell library contained the following spells:

 Spells                   Type           Power        Failure   Level  Hunger
 Call Canine Familiar     Summ           ####....     2%          3    ###....
 Summon Guardian Golem    Hex/Summ       ###.....     10%         3    ###....
 Summon Ice Beast         Ice/Summ       ###.....     30%         4    ####...
 Summon Lightning Spire   Summ/Air       ###.....     30%         4    ####...


Dungeon Overview and Level Annotations

Branches:
Dungeon (6/15)
 Temple: D:4-7

Altars:
Elyvilon
Qazlal
Sif Muna
Trog

Annotations:
D:6 exclusion: ogre


Innate Abilities, Weirdness & Mutations

Your experience applies equally to all skills.
You have very sharp teeth.
Your uncanny sense of smell can sniff out nearby items.


Message History

The quokka barely misses your quokka.
Your bat hits the quokka.
The quokka dies!
You swap places.
There is an escape hatch in the floor here.
You fall through a shaft for 3 floors!
The shaft crumbles and collapses.
Your summoned ally is left behind.
Found a scroll labeled YXETUE NUZOM.
Unknown command.
Unknown command.
Found 10 gold pieces.
An ogre comes into view. It is wielding a +0 giant club.
Press: ? - help, v - describe, . - travel
Here: an ogre, wielding a +0 giant club (resting)
The floor.
Placed new exclusion.
Unknown command. 2 gnolls and an ogre come into view.
The ogre shouts!
The gnoll shouts!
You hear a shout!
The gnoll shouts!
You see here 10 gold pieces.
You see here a scroll labeled YXETUE NUZOM.
q - a scroll labeled YXETUE NUZOM A gnoll comes into view.
It is wielding a +0 club.
You see here 10 gold pieces.
As you read the scroll labeled KAHADA TIOME, it crumbles to dust.
It is a scroll of identify.
q - a scroll of blinking A gnoll comes into view.
It is wielding a +0 halberd.
You now have 142 gold pieces (gained 10).
The gnoll shouts!
Found a bubbling clear potion.
Found a stone staircase leading down.
An adder comes into view.
The ogre barely misses you.
Found a stone staircase leading up.
Blink to where?
Press: ? - help, Dir - move target cursor You are very lightly contaminated with residual magic.
As you read the scroll of blinking, it crumbles to dust.
A ball python and an ice beast come into view.
Found 12 gold pieces, a gnarled glowing staff and a runed scarf.
Unknown command.
You climb upwards.
The hippogriff screeches!
Found a ring mail.
There is a stone staircase leading down here.
Unknown command.
Unknown command.
As you read the scroll of identify, it crumbles to dust.
i - a potion of magic
Found 12 gold pieces and a thin smoking staff.
You open the door. 4 orcs and an orc priest come into view.
The orc shouts! x2
Found a bloodstained altar of Trog.
Unknown command.
Found a scroll labeled JOUT ESULUT.
You see here 12 gold pieces.
Found 17 gold pieces.
An orc comes into view.
The orc moves out of view.
You see here a scroll labeled JOUT ESULUT.
As you read the scroll labeled JOUT ESULUT, it crumbles to dust.
You speak a Word of immense power!
It was a scroll of holy word.
Unknown command.
Found 10 gold pieces.
A giant cockroach comes into view.
You see here 10 gold pieces.
Your magical contamination has completely faded away.
Found 18 stones and a lumpy cyan potion.
Unknown command.
The giant cockroach completely misses you.
Found a leather armour.
Unknown command.
You see here a lumpy cyan potion.
It was a potion of might.
You feel very mighty all of a sudden.
Casting: Summon Small Mammal (safe; 1% risk of failure)
Confirm with . or Enter, or press ? or * to list all spells.
A beastly little devil appears in a puff of flame.
Unknown command.
You barely miss the giant cockroach. The giant cockroach barely misses you.
You barely miss the giant cockroach. Your bite misses the giant cockroach.
The giant cockroach waves its antennae.
The giant cockroach bites you.
Unknown command.
You closely miss the hippogriff. The giant cockroach closely misses you.
The hippogriff completely misses you. The hippogriff pecks you.
The hippogriff claws you. The giant cockroach closely misses you.
Your crimson imp blinks!
The orc shouts!
You hit the hippogriff. You bite the hippogriff!
The hippogriff is moderately wounded.
You hear a shout! x2
The giant cockroach closely misses you.
The orc hits your crimson imp with a +0 hand axe.
The hippogriff bites you!
* * * LOW HITPOINT WARNING * * *
The hippogriff pecks you!
You die...

.. ..# ...# ∆ .....
..#...####### ##
###.#....5H@..# #.
.......[os##.....# ..
##..#.###.####...# #.
.............##...# #.
#..................# ###.
#....#...o##.......### #...
#........o..o...|#...######.
#....##...##................
.... #(.#$##.#..............


You could see a hippogriff, 3 orcs, a giant cockroach and a friendly crimson
imp.

Vanquished Creatures
  3 hobgoblins
  A frilled lizard (D:1)
  A rat (D:3)
5 creatures vanquished.

Vanquished Creatures (collateral kills)
  A worm (D:3)
  A leopard gecko (D:1)
  A bat (D:2)
  2 giant cockroaches
  2 hobgoblins (D:2)
  A quokka (D:3)
  A frilled lizard (D:2)
  4 goblins
  A kobold (D:1)
14 creatures vanquished.

Grand Total: 19 creatures vanquished

Notes
Turn   | Place    | Note
-------+----------+-------------------------------------------
     0 | D:1      | tidbits the Gnoll Summoner began the quest for the Orb.
     0 | D:1      | Reached XP level 1. HP: 13/13 MP: 6/6
   188 | D:2      | Found a deep blue altar of Sif Muna.
   208 | D:2      | Found a white marble altar of Elyvilon.
   242 | D:2      | Reached XP level 2. HP: 9/19 MP: 4/7
   246 | D:2      | Learned a level 2 spell: Call Imp
   257 | D:2      | Found a stormy altar of Qazlal.
   423 | D:3      | You fall through a shaft for 3 floors!
   425 | D:6      | Noticed an ogre
   428 | D:6      | Noticed an ogre
   448 | D:6      | Noticed an ice beast
   450 | D:5      | Entered Level 5 of the Dungeon
   450 | D:5      | Noticed a hippogriff
   473 | D:5      | Found a bloodstained altar of Trog.
   510 | D:5      | Slain by a hippogriff

Vault maps used:
D:1:      dpeg_arrival_chambers_temple_mockup
D:2:      minmay_alternating_diamond, old_standard_altar,
          overflow_temple_1_default, lemuel_round_altar, elyvilon_altar_5,
          first_ration
D:3:      lemuel_doored_altar
D:5:      lemuel_round_altar, old_standard_altar, lightli_temple_of_fire
D:6:      roderic_nine_men_s_morris

Action                   || total
-------------------------++-------
Melee: Dagger            ||    22
       Punch             ||     1
       Bite              ||     1
 Cast: Summon Small Mamm ||    27
       Call Imp          ||     4
  Use: Scroll            ||     4
       Potion            ||     1
 Stab: Sleeping          ||     2
       Distracted        ||     1
Armor: Robe              ||     2
Dodge: Dodged            ||    25

Table legend:
 A = Non-vault XP
 B = Vault XP
 C = Vault XP percentage of total XP
 D = Non-vault monster count
 E = Vault monster count
 F = Vault count percentage of total count
                 A         B        C        D         E       F
            +---------+---------+-------+---------+---------+-------
      Total |      25 |       0 |   0.0 |      19 |       0 |   0.0
            +---------+---------+-------+---------+---------+-------
        D:1 |       6 |       0 |   0.0 |       5 |       0 |   0.0
        D:2 |      10 |       0 |   0.0 |       9 |       0 |   0.0
        D:3 |       9 |       0 |   0.0 |       5 |       0 |   0.0
            +---------+---------+-------+---------+---------+-------

Table legend:
 A = Turns spent in this place as a percentage of turns spent in the entire game.
 B = Non-inter-level travel turns spent in this place as a percentage of non-inter-level travel turns spent in the entire game.
 C = Inter-level travel turns spent in this place as a percentage of turns spent in this place.
 D = Turns resting spent in this place as a percentage of non-inter-level travel turns spent in this place.
 E = Turns spent auto-exploring this place as a percentage of non-inter-level travel turns spent in this place.
 F = Non-inter-level travel turns spent in this place divided by the number of levels of this place that you've seen.
                   A       B       C       D       E      F
               +-------+-------+-------+-------+-------+----------------------
         Total | 100.0 | 100.0 |   0.0 |   0.0 |   0.0 | 102.0
       Dungeon | 100.0 | 100.0 |   0.0 |   0.0 |   0.0 | 102.0
               +-------+-------+-------+-------+-------+----------------------

Table legend:
 A = Kills in this place as a percentage of kills in entire the game.
 B = Kills by you in this place as a percentage of kills by you in the entire game.
 C = Kills by friends in this place as a percentage of kills by friends in the entire game.
 D = Other kills in this place as a percentage of other kills in the entire game.
 E = Experience gained in this place as a percentage of experience gained in the entire game.
 F = Experience gained in this place divided by the number of levels of this place that you have seen.
                   A       B       C       D       E      F
               +-------+-------+-------+-------+-------+----------------------
         Total | 100.0 | 100.0 | 100.0 |   N/A | 100.0 |   5.0
       Dungeon | 100.0 | 100.0 | 100.0 |   N/A | 100.0 |   5.0
               +-------+-------+-------+-------+-------+----------------------

Vault maps used:
D:1:      dpeg_arrival_chambers_temple_mockup
D:2:      minmay_alternating_diamond, old_standard_altar,
          overflow_temple_1_default, lemuel_round_altar, elyvilon_altar_5,
          first_ration
D:3:      lemuel_doored_altar
D:5:      lemuel_round_altar, old_standard_altar, lightli_temple_of_fire
D:6:      roderic_nine_men_s_morris
